 Dungeon Crawl Stone Soup version 0.19.1 (webtiles) character file.

20039 Haldmier the Carver (level 12, -8/79 HPs)
             Began as a High Elf Skald on Dec 12, 2016.
             Was a High Priest of Vehumet.
             Mangled by an orc warlord
             ... wielding a +4 halberd of protection
              (31 damage)
             ... on level 2 of the Orcish Mines on Dec 13, 2016.
             The game lasted 01:45:47 (14604 turns).

Haldmier the Carver (High Elf Skald)               Turns: 14604, Time: 01:45:48

Health: -8/79      AC: 10    Str: 16    XL:     12   Next: 41%
Magic:  21/25      EV: 11    Int: 19    God:    Vehumet [*****.]
Gold:   1349       SH:  5    Dex: 18    Spells: 6 memorised, 12 levels left

rFire  . . .     SeeInvis +     P - +2 falchion (elec)
rCold  . . .     Gourm    .     J - +0 troll leather armour
rNeg   . . .     Faith    .     O - +0 buckler
rPois  .         Spirit   .     x - +2 helmet
rElec  .         Reflect  .     n - +0 cloak
rCorr  .         Harm     .     A - +0 pair of gloves
MR     +....                    w - +0 pair of boots
Stlth  +.........               g - amulet of magic regeneration
                                s - ring of see invisible
                                V - +5 ring of strength

@: regenerating
A: no striking features
a: Renounce Religion


You were on level 2 of the Orcish Mines.
You worshipped Vehumet.
Vehumet was extremely pleased with you.
You were not hungry.

You visited 3 branches of the dungeon, and saw 12 of its levels.
You also visited: Ossuary and Bailey.

You collected 1349 gold pieces.

Inventory:

Hand Weapons
 p - a +4 falchion of freezing
 I - a +2 long sword of holy wrath
 P - a +2 falchion of electrocution (weapon)
 Q - a +3 scimitar of flaming
 X - a +0 dagger of electrocution
Missiles
 h - 41 tomahawks
 q - 6 javelins (quivered)
 u - 5 tomahawks of returning
 B - 7 throwing nets
 R - 3 silver javelins
Armour
 a - a +2 robe of cold resistance
 e - a +0 leather armour of poison resistance
 n - a +0 cloak (worn)
 w - a +0 pair of boots (worn)
 x - a +2 helmet (worn)
 y - a +1 ring mail of positive energy
 A - a +0 pair of gloves (worn)
 F - a +1 ring mail of positive energy
 J - a +0 troll leather armour (worn)
 O - a +0 buckler (worn)
 S - a +2 robe of magic resistance
Jewellery
 g - an amulet of magic regeneration (around neck)
 s - a ring of see invisible (right hand)
 V - a +5 ring of strength (left hand)
Wands
 j - a wand of teleportation (5/9)
 o - a wand of confusion (29/48)
 r - a wand of digging (7/24)
 G - a wand of slowing (48/48)
 K - a wand of acid (10/15)
 Z - a wand of iceblast (8/15)
Scrolls
 c - a scroll of silence
 f - 15 scrolls of remove curse
 m - 2 scrolls of amnesia
 t - a scroll of blinking
 z - 2 scrolls of teleportation
Potions
 k - a potion of resistance
 l - a potion of cancellation
 v - 4 potions of lignification
 D - 2 potions of curing
 H - 2 potions of heal wounds
 M - 2 potions of magic
 N - a potion of might
 U - a potion of haste
 W - 3 potions of invisibility
 Y - a potion of agility
Comestibles
 b - 4 fruits
 d - 8 bread rations
 i - 6 beef jerkies
 C - 13 chunks of flesh
 E - 4 meat rations
 L - a slice of pizza


   Skills:
 - Level 6.0 Fighting
 * Level 13.0 Long Blades
 - Level 0.8 Armour
 - Level 1.1 Dodging
 - Level 4.3 Shields
 + Level 8.8 Spellcasting
 + Level 6.9 Conjurations
 - Level 4.0 Hexes
 + Level 10.1 Charms
 - Level 4.1 Necromancy
 - Level 4.0 Translocations
 + Level 5.9 Fire Magic


You had 12 spell levels left.
You knew the following spells:

 Your Spells              Type           Power        Failure   Level  Hunger
a - Infusion              Chrm           ####         1%          1    None
b - Shroud of Golubria    Chrm/Tloc      #####.....   1%          2    None
c - Spectral Weapon       Hex/Chrm       #####...     1%          3    None
d - Regeneration          Chrm/Necr      #####.....   1%          3    None
e - Conjure Flame         Conj/Fire      ####....     1%          3    None
f - Sticky Flame          Conj/Fire      ####....     2%          4    ###....


Dungeon Overview and Level Annotations

Branches:
Dungeon (9/15)             Temple (0/1) D:5            Lair (1/6) D:9
    Orc (2/2) D:9             Elf (0/3) Orc:2

Altars:
Ashenzari
Cheibriados
Fedhas
Gozag
Kikubaaqudgha
Makhleb
Okawaru
Sif Muna
Trog
Vehumet
Xom
Yredelemnul


Message History

Confirm with . or Enter, or press ? or * to list all spells.
You draw out your weapon's spirit!
You regained 2 hp, and now have 58/79 hp.
You now have 19/25 mp.
The orc warlord unwields an uncursed arbalest.
The orc warlord wields an uncursed halberd of protection.
The orc warlord hits you with an uncursed halberd of protection!!
Your shroud falls apart!
You take 27 damage, and have 31/79 hp.
MASSIVE DAMAGE!!
You hit the orc warlord but do no damage.
Your spectral weapon hits the orc warlord but does no damage.
The orc warlord hits you with an uncursed halberd of protection!
* * * LOW HITPOINT WARNING * * *
You take 13 damage, and have 18/79 hp.
You see here a club.
There is a stone staircase leading up, spattered with blood here.
You see here a bolt.
You regained 2 hp, and now have 21/79 hp.
The orc warlord hits you from afar with an uncursed halberd of protection!!
You die...

## ##...#..#.#..........#......#.
.###.......................#.....
...............##.........###.##.
............#......#.....########
...................#......#.##
..#.##.....#........#........##
..###.........................#
... ##.........)..[..........##
#.## ##.......o(@.)<....##....#
### ##.#.......[..[[.....#...##
#..........>........###.##
##.#.....)..##[(....#####
##.##..[.....###.#.....##
#...........###.........#
###.........####...#..#...####
##....#.......###..####.....#.##
.......####....#... ##.......#


You could see an orc warlord and a friendly spectral falchion of electrocution.

Vanquished Creatures
  Erica (D:9)
  2 orc high priests (Orc:2)
  5 orc knights
  Pikel (D:7)
  3 orc sorcerers
  Maurice (D:8)
  Joseph (D:9)
  Psyche (D:8)
  4 trolls
  A two-headed ogre (D:9)
  Prince Ribbit (D:8)
  2 hippogriffs (Lair:1)
  Sigmund (D:4)
  9 yaks (Lair:1)
  2 hungry ghosts (D:7)
  Menkaure (D:6)
  4 wargs
  A porcupine (Lair:1)
  30 orc warriors
  3 sky beasts
  A slave (D:7)
  2 ice beasts
  A black bear (D:8)
  2 phantoms
  13 ogres
  2 centaurs
  6 big kobolds
  Blork the orc (D:4)
  7 bullfrogs
  11 gnoll sergeants
  A wyvern skeleton (D:8)
  5 scorpions
  4 wights (D:7)
  4 howler monkeys
  3 crimson imps
  6 gnoll shamans (Bailey)
  2 bullfrog skeletons
  14 orc priests
  5 hounds
  20 orc wizards
  A jelly (D:9)
  Ijyb (D:2)
  Jessica (D:2)
  2 centaur skeletons
  3 iguanas
  4 worker ants
  A killer bee zombie (D:7)
  A hound skeleton (D:5)
  8 mummies (Ossuary)
  A worker ant zombie (D:9)
  18 gnolls
  8 adders
  A shadow imp (D:6)
  4 worms
  7 dart slugs
  The ghost of dscm the Scratcher, a weakling FeTm (D:3)
  10 leopard geckos
  87 orcs
  4 ball pythons
  12 bats
  3 giant cockroaches
  4 gnoll zombies
  15 goblins
  6 hobgoblins
  19 jackals
  25 kobolds
  2 quokkas (D:7)
  9 frilled lizards
  A hobgoblin zombie (Ossuary)
  A jackal skeleton (D:3)
  2 kobold zombies (Ossuary)
  3 orc zombies (Ossuary)
  A quokka skeleton (D:5)
  4 rats
  A fungus (D:9)
455 creatures vanquished.

Vanquished Creatures (others)
  3 slaves (D:7)
  A gnoll (D:9)
  2 orcs
  2 fungi (D:9)
  10 spectral weapons
  4 withered plants (D:9)
22 creatures vanquished.

Grand Total: 477 creatures vanquished

Notes
Turn   | Place    | Note
-------+----------+-------------------------------------------
     0 | D:1      | Haldmier the High Elf Skald began the quest for the Orb.
     0 | D:1      | Reached XP level 1. HP: 14/14 MP: 4/4
   222 | D:1      | Reached skill level 3 in Long Blades
   222 | D:1      | Reached XP level 2. HP: 11/20 MP: 0/6
   994 | D:1      | Learned a level 2 spell: Shroud of Golubria
  1008 | D:1      | Reached XP level 3. HP: 9/25 MP: 2/7
  1270 | D:2      | Found a snail-covered altar of Cheibriados.
  1585 | D:2      | Noticed Ijyb
  1601 | D:2      | Killed Ijyb
  1601 | D:2      | Reached skill level 4 in Long Blades
  1601 | D:2      | Reached skill level 1 in Translocations
  1601 | D:2      | Reached XP level 4. HP: 25/31 MP: 0/8
  1662 | D:2      | Learned a level 3 spell: Spectral Weapon
  1898 | D:2      | Noticed Jessica
  1930 | D:2      | Killed Jessica
  2238 | D:2      | Reached XP level 5. HP: 20/36 MP: 9/9
  2831 | D:3      | Reached skill level 1 in Hexes
  2943 | D:3      | Learned a level 3 spell: Regeneration
  2958 | D:3      | Noticed dscm's ghost (weakling FeTm)
  3004 | D:3      | Killed dscm's ghost
  3605 | D:4      | Reached skill level 5 in Long Blades
  3605 | D:4      | Reached XP level 6. HP: 42/42 MP: 6/11
  3670 | D:4      | Found a sand-covered staircase.
  3694 | Ossuary  | Entered an ossuary
  4434 | D:4      | Found a deep blue altar of Sif Muna.
  4438 | D:4      | Noticed Blork the orc
  4539 | D:4      | Noticed Sigmund
  4704 | D:4      | Killed Blork the orc
  4704 | D:4      | Reached XP level 7. HP: 21/47 MP: 1/12
  4819 | D:4      | Reached skill level 1 in Necromancy
  5204 | D:4      | Killed Sigmund
  5204 | D:4      | Reached skill level 6 in Long Blades
  5204 | D:4      | Reached skill level 5 in Charms
  5305 | D:4      | Found a basalt altar of Yredelemnul.
  5386 | D:4      | Found a shimmering altar of Xom.
  5445 | D:4      | Found a radiant altar of Vehumet.
  5446 | D:4      | Found a burning altar of Makhleb.
  5462 | D:4      | Became a worshipper of Vehumet
  5596 | D:5      | Entered Level 5 of the Dungeon
  5635 | D:5      | Reached XP level 8. HP: 49/54 MP: 8/15
  6081 | D:5      | Reached * piety under Vehumet
  6081 | D:5      | Offered knowledge of Sting by Vehumet.
  6094 | D:5      | Found a staircase to the Ecumenical Temple.
  6437 | D:6      | Found a shattered altar of Ashenzari.
  6473 | D:6      | Reached skill level 7 in Long Blades
  7192 | D:6      | Noticed Menkaure
  7197 | D:6      | Killed Menkaure
  7344 | D:6      | Found a bloodstained altar of Trog.
  7345 | D:6      | Found an iron altar of Okawaru.
  7584 | D:6      | Learned a level 3 spell: Conjure Flame
  7625 | D:7      | Reached XP level 9. HP: 60/60 MP: 17/17
  7691 | D:7      | Reached skill level 8 in Long Blades
  7762 | D:7      | Reached skill level 1 in Conjurations
  7833 | D:7      | Reached ** piety under Vehumet
  7833 | D:7      | Reached skill level 5 in Spellcasting
  7836 | D:7      | Offered knowledge of Shock by Vehumet.
  7838 | D:7      | Reached skill level 5 in Fighting
  7990 | D:7      | Noticed Pikel
  8019 | D:7      | Killed Pikel
  8019 | D:7      | Reached skill level 1 in Fire Magic
  8066 | D:7      | Reached skill level 9 in Long Blades
  8765 | D:8      | Reached XP level 10. HP: 66/66 MP: 15/20
  8842 | D:8      | Offered knowledge of Mephitic Cloud by Vehumet.
  8875 | D:8      | Found a blossoming altar of Fedhas.
  8930 | D:8      | Noticed Psyche
  8973 | D:8      | Killed Psyche
  9062 | D:8      | Reached *** piety under Vehumet
  9267 | D:8      | Noticed Maurice
  9280 | D:8      | Killed Maurice
  9415 | D:8      | Found an opulent altar of Gozag.
  9435 | D:8      | Noticed Prince Ribbit
  9441 | D:8      | Killed Prince Ribbit
  9627 | D:8      | Learned a level 4 spell: Sticky Flame
  9676 | D:9      | Found a staircase to the Lair.
  9772 | D:9      | Noticed Joseph
  9863 | D:9      | Killed Joseph
  9863 | D:9      | Reached skill level 10 in Long Blades
  9867 | D:9      | Offered knowledge of Olgreb's Toxic Radiance by Vehumet.
 10037 | D:9      | Found an ancient bone altar of Kikubaaqudgha.
 10271 | Lair:1   | Entered Level 1 of the Lair of Beasts
 10702 | Lair:1   | Reached XP level 11. HP: 56/72 MP: 14/22
 10710 | Lair:1   | Reached skill level 11 in Long Blades
 11234 | D:9      | Reached **** piety under Vehumet
 11347 | D:9      | Found a staircase to the Orcish Mines.
 11363 | D:9      | Offered knowledge of Airstrike by Vehumet.
 11792 | Orc:1    | Entered Level 1 of the Orcish Mines
 11792 | Orc:1    | Noticed Erica
 11815 | D:9      | HP: 2/72 [Erica/orb of energy (10)]
 11826 | D:9      | Reached skill level 5 in Conjurations
 11949 | Orc:1    | Noticed an orc knight
 12063 | D:9      | Reached skill level 1 in Shields
 12116 | D:9      | Killed Erica
 12200 | D:9      | Killed an orc knight
 12208 | D:9      | Reached ***** piety under Vehumet
 12329 | D:9      | Offered knowledge of Bolt of Draining by Vehumet.
 12453 | Orc:1    | Found a flagged portal.
 12488 | Bailey   | Entered a bailey
 12498 | Bailey   | Reached skill level 5 in Fire Magic
 13205 | Orc:1    | Noticed an orc sorcerer
 13218 | Orc:1    | Killed an orc sorcerer
 13218 | Orc:1    | Reached skill level 12 in Long Blades
 13512 | Orc:2    | Entered Level 2 of the Orcish Mines
 13512 | Orc:2    | Found a staircase to the Elven Halls.
 13627 | Orc:2    | Noticed an orc knight
 13643 | Orc:2    | Killed an orc knight
 13821 | Orc:2    | Noticed an orc high priest
 13868 | Orc:2    | Killed an orc high priest
 13868 | Orc:2    | Reached XP level 12. HP: 78/79 MP: 25/25
 14237 | Orc:2    | Noticed an orc high priest
 14252 | Orc:2    | Killed an orc high priest
 14264 | Orc:2    | Reached skill level 10 in Charms
 14495 | Orc:2    | Noticed an orc warlord
 14500 | Orc:2    | Reached skill level 13 in Long Blades
 14604 | Orc:2    | Mangled by an orc warlord

Skill      XL: |  1  2  3  4  5  6  7  8  9 10 11 12 |
---------------+-------------------------------------+-----
Long Blades    | 3 4 5 6 7 9 10 12 13 | 13.0
Fighting       | 3 4 5 6 |  6.0
Translocations | 1 2 3 4 |  4.0
Hexes          | 1 2 3 4 |  4.0
Spellcasting   | 3 4 6 7 8 |  8.8
Charms         | 4 5 6 7 8 9 10 | 10.1
Necromancy     | 1 2 3 4 |  4.1
Conjurations   | 2 4 6 |  6.9
Fire Magic     | 2 4 5 |  5.9
Shields        | 4 |  4.3
Armour         | |  0.8
Dodging        | |  1.1

Action                   |  1- 3 |  4- 6 |  7- 9 | 10-12 || total
-------------------------+-------+-------+-------+-------++-------
Melee: Falchion          |    68 |   153 |   347 |   648 ||  1216
       Dagger            |       |   112 |    25 |       ||   137
       Scimitar          |       |       |       |     6 ||     6
Throw: Javelin           |       |    12 |    10 |       ||    22
       Stone             |       |       |     3 |       ||     3
 Cast: Infusion          |    15 |    14 |     9 |       ||    38
       Shroud of Golubri |     4 |    26 |    33 |    61 ||   124
       Regeneration      |       |     4 |    17 |    81 ||   102
       Spectral Weapon   |       |     8 |    26 |    60 ||    94
       Conjure Flame     |       |       |       |     7 ||     7
       Sticky Flame      |       |       |       |     1 ||     1
Evoke: Wand              |       |       |     2 |     1 ||     3
  Use: Scroll            |       |     8 |    15 |    11 ||    34
       Potion            |       |       |     2 |     3 ||     5
 Stab: Sleeping          |     1 |     1 |     1 |       ||     3
       Distracted        |       |     1 |     1 |     7 ||     9
       Invisible         |       |       |       |     3 ||     3
  Eat: Chunk             |     3 |     9 |    18 |    25 ||    55
       Bread ration      |       |     1 |       |       ||     1
       Beef jerky        |       |       |     1 |       ||     1
Armor: Leather armour    |    11 |    51 |    48 |    39 ||   149
       Skin              |       |       |    11 |       ||    11
       Robe              |       |       |    32 |    43 ||    75
       Troll leather arm |       |       |       |    87 ||    87
Dodge: Dodged            |    47 |   141 |   170 |   291 ||   649
Block: Buckler           |       |       |       |    97 ||    97
       Rpst.: Falchion   |    17 |    18 |    60 |    75 ||   170
